 Dungeon Crawl Stone Soup version 0.26.1-11-gd32895ea62 (webtiles) character file.

Game seed: 14508782792311090435

1344 phalm the Conjurer (level 8, -4/58 HPs)
             Began as a Gnoll Conjurer on June 15, 2021.
             Was a Follower of Vehumet.
             Slain by an orc warrior
             ... wielding a +0 flail
              (8 damage)
             ... on level 5 of the Dungeon.
             The game lasted 00:11:31 (6680 turns).

phalm the Conjurer (Gnoll Conjurer)                 Turns: 6680, Time: 00:11:32

Health: -4/58      AC:  9    Str: 16    XL:     8   Next: 62%
Magic:  5/17       EV: 15    Int: 19    God:    Vehumet [*.....]
Gold:   367        SH:  0    Dex: 14    Spells: 8/19 levels left

rFire    . . .     SeeInvis .   m - +6 mace of Eternal Harmony {freeze, rPois Will- Str+6 Int-3}
rCold    . . .     Faith    .   (no shield)
rNeg     . . .     Spirit   .   z - +2 leather armour {Will+}
rPois    +         Reflect  .   c - +2 hat
rElec    .         Harm     .   y - +0 cloak
rCorr    .         Rampage  .   (no gloves)
Will     .....     NoTele   +   u - +0 pair of boots
Stlth    +++.......             (no amulet)
HPRegen  0.19/turn              (no ring)
MPRegen  0.15/turn              (no ring)

@: can't move, very slightly contaminated
A: distributed training, fangs 1, strong nose
a: Renounce Religion


You were on level 5 of the Dungeon.
You worshipped Vehumet.
Vehumet was aware of your devotion.
You visited 1 branch of the dungeon, and saw 6 of its levels.
You also visited: Ossuary.

You collected 367 gold pieces.


Innate Abilities, Weirdness & Mutations

Your experience applies equally to all skills.
You have very sharp teeth.
Your uncanny sense of smell can sniff out nearby items.


   Skills:
 + Level 3.4 Fighting
 + Level 3.4 Short Blades
 + Level 3.4 Long Blades
 + Level 3.4 Axes
 + Level 3.4 Maces & Flails
 + Level 3.4 Polearms
 + Level 3.4 Staves
 + Level 3.4 Slings
 + Level 3.4 Bows
 + Level 3.4 Crossbows
 + Level 3.4 Throwing
 + Level 3.4 Armour
 + Level 5.8 Dodging
 + Level 5.4 Stealth
 + Level 3.4 Shields
 + Level 3.4 Unarmed Combat
 + Level 6.1 Spellcasting
 + Level 7.7 Conjurations
 + Level 2.8 Hexes
 + Level 2.8 Summonings
 + Level 2.8 Necromancy
 + Level 2.8 Translocations
 + Level 2.8 Transmutations
 + Level 2.8 Fire Magic
 + Level 2.8 Ice Magic
 + Level 2.8 Air Magic
 + Level 2.8 Earth Magic
 + Level 2.8 Poison Magic
 + Level 3.8 Invocations
 + Level 3.4 Evocations


You had 8 spell levels left.
You knew the following spells:

 Your Spells              Type           Power        Failure   Level
f - Fulminant Prism       Conj/Hex       12%          16%         4
m - Magic Dart            Conj           100%         1%          1
s - Searing Ray           Conj           70%          1%          2
X - Iskenderun's Mystic   Conj/Tloc      25%          16%         4

Your spell library contained the following spells:

 Spells                   Type           Power        Failure   Level
 Shock                    Conj/Air       100%         1%          1
 Sandblast                Erth           32%          4%          1
 Dazzling Flash           Conj/Hex       50%          4%          3
 Stone Arrow              Conj/Erth      50%          4%          3
 Passwall                 Tmut/Erth      13%          6%          2
 Petrify                  Tmut/Erth      16%          38%         4
 Lee's Rapid Deconstruct  Erth           8%           75%         5

Inventory:

Hand Weapons
 m - the +6 mace of Eternal Harmony (weapon) {freeze, rPois Will- Str+6 Int-3}
   (You found it on level 4 of the Dungeon)

   It has been specially enchanted to freeze those struck by it, causing extra
   injury to most foes and up to half again as much damage against particularly
   susceptible opponents.
   It can also slow down cold-blooded creatures.
   It affects your strength (+6).
   It affects your intelligence (-3).
   It protects you from poison.
   It affects your willpower, your defense against some magical effects.
 v - a +0 trident of holy wrath
   (You found it on level 3 of the Dungeon)
 E - a +0 rapier of speed
   (You found it on level 5 of the Dungeon)
Missiles
 f - 4 boomerangs
 g - 8 bolts
 w - 3 silver javelins
 F - 8 sling bullets
Armour
 c - a +2 hat (worn)
   (You found it on level 1 of the Dungeon)
 u - a +0 pair of boots (worn)
   (You found it on level 3 of the Dungeon)
 y - a +0 cloak (worn)
   (You found it on level 3 of the Dungeon)
 z - a +2 leather armour of willpower (worn)
   (You found it on level 5 of the Dungeon)
Wands
 a - a wand of flame (13)
   (You found it on level 5 of the Dungeon)
Scrolls
 b - 2 scrolls of immolation {!r!r}
 d - 6 scrolls of teleportation {@r4}
 e - 2 scrolls of amnesia
 i - a scroll of magic mapping {!r}
 l - 3 scrolls of enchant weapon
 n - a scroll of fear {unknown}
 p - 3 scrolls of random uselessness {unknown}
 r - 4 scrolls of enchant armour
 A - a scroll of noise {unknown}
 C - a scroll of holy word {unknown}
Potions
 h - a potion of invisibility
 j - 3 potions of might {unknown}
 k - 4 potions of heal wounds {@q2}
 o - 2 potions of attraction {unknown}
 q - a potion of degeneration {unknown}
 s - 2 potions of brilliance {unknown}
 t - a potion of mutation {unknown}
 x - a potion of resistance {unknown}
 B - a potion of ambrosia {unknown}
 D - 3 potions of curing {@q1}

Dungeon Overview and Level Annotations

Branches:
Dungeon (6/15)             Temple (0/1) D:4         Ossuary (visited)

Altars:
Elyvilon
Gozag
Qazlal
Trog
Vehumet
Yredelemnul

Shops:
D:6

[ ########################.# #...
# #.#####.## # ##### #.........
## #...# #############..####.##
.# #...# #..............# #..#
.###...#####.#......#####.####...
...+......................#.##..#
.###...##.#..#........###.#.##..#
................@o.........>.#..#
...#####.....#..#.......#....#..#
...######.##.#...................
...#......####.......#.#..#...#.#
...#.#..............)............
...#........###.....#.#.........#
####........# #.###.#.#..#......#
............###.# #(#.#..#..#...#
###...........#.###.#.......#...#


You could see an orc warrior.


Message History

Press: ? - help, Shift-Dir - straight line, f/p - orc warrior
Aim: an orc warrior, wielding a +0 flail and wearing a +0 plate armour (19% to evade)
The searing ray hits the orc warrior but does no damage. (Press . to maintain the ray.)
The orc warrior hits you with a +0 flail! 😮 HP[-14] MP[-1]
You take 14 damage, and now have 31/58 hp.
MASSIVE DAMAGE!! (PAUSE)
You lost 1 mp, and now have 7/17 mp.
The searing ray hits the orc warrior but does no damage.
The orc warrior misses you. 😮 MP[-1]
You lost 1 mp, and now have 6/17 mp.
The searing ray hits the orc warrior.
The orc warrior barely misses you. 😮 MP[-1]
You lost 1 mp, and now have 5/17 mp.
The searing ray misses the orc warrior.
You finish channeling your searing ray.
The orc warrior hits you with a +0 flail!
* * * LOW HITPOINT WARNING * * *
😨 HP[-13] MP[-1]
You take 13 damage, and now have 18/58 hp.
MASSIVE DAMAGE!! (PAUSE)
You lost 1 mp, and now have 4/17 mp.
You hit the orc warrior. You freeze the orc warrior.
The orc warrior hits you with a +0 flail.
* * * LOW HITPOINT WARNING * * *
😱 HP[-4]
You take 4 damage, and now have 14/58 hp.
Your magical contamination has completely faded away. 😱 MP[+1] 😨 HP[+1]
An orc priest comes into view.
It is wielding a +0 club. 😨 HP[+1] MP[+1]
A hound comes into view.
Found a bloodstained altar of Trog.
An orc comes into view.
It is wielding a +0 club. 😨 HP[+1] 😨 MP[+1] 😨 HP[+1] 😨 MP[+1] 😨 HP[+1]
An orc wizard comes into view.
It is wielding a +0 dagger. 😨 MP[+1] 😨 HP[+1]
The orc priest shouts! 😨 HP[+1] MP[+1]
The orc priest invokes the aid of Beogh against you.
Beogh smites you!
* * * LOW HITPOINT WARNING * * *
😱 HP[-12]
You take 12 damage, and now have 9/58 hp.
MASSIVE DAMAGE!! (PAUSE)
There is a stone staircase leading down here. 😱 HP[+1] 😱 MP[+1] 😱 HP[+1] 😱 MP[+1] 😱 HP[+1]
Found a robe.
Found a stone staircase leading down. 😱 MP[+1] 😱 HP[+1] 😱 HP[+1] 😱 MP[+1] 😨 HP[+1]
There is a stone staircase leading up here. 😨 MP[+1]
The orc warrior hits you with a +0 flail.
* * * LOW HITPOINT WARNING * * *
You climb upwards.
There is a stone staircase leading down here. 😱 HP[-6]
You take 6 damage, and now have 9/58 hp. 😱 HP[+1] 😱 MP[+1] 😱 HP[+1] 😱 MP[+1]
Your mp is fully restored (17).
Casting: Searing Ray (safe; 1% risk of failure)
Confirm with . or Enter, or press ? or * to list all spells.
You miscast Iskenderun's Mystic Blast.
You are very lightly contaminated with residual magic.
Nothing appears to happen.
The orc warrior hits you with a +0 flail!
* * * LOW HITPOINT WARNING * * *
😱 HP[-7] MP[-4]
You take 7 damage, and now have 4/58 hp.
You lost 4 mp, and now have 13/17 mp.
Casting: Iskenderun's Mystic Blast (dangerous; 16% risk of failure)
Confirm with . or Enter, or press ? or * to list all spells.
You miscast Iskenderun's Mystic Blast.
Nothing appears to happen.
The orc warrior misses you. 😱 MP[-4]
You lost 4 mp, and now have 9/17 mp.
Casting: Iskenderun's Mystic Blast (dangerous; 16% risk of failure)
Confirm with . or Enter, or press ? or * to list all spells.
You miscast Iskenderun's Mystic Blast.
You catch a glimpse of the back of your own head.
You are magically locked in place.
The orc warrior hits you with a +0 flail!
You die...

Skill      XL: |  1  2  3  4  5  6  7  8 |
---------------+-------------------------+-----
Spellcasting   | 5 6 |  6.1
Invocations    | 1 2 3 |  3.8
Fighting       | 1 2 3 |  3.4
Short Blades   | 1 2 3 |  3.4
Long Blades    | 1 2 3 |  3.4
Axes           | 1 2 3 |  3.4
Maces & Flails | 1 2 3 |  3.4
Polearms       | 1 2 3 |  3.4
Staves         | 1 2 3 |  3.4
Slings         | 1 2 3 |  3.4
Bows           | 1 2 3 |  3.4
Crossbows      | 1 2 3 |  3.4
Throwing       | 1 2 3 |  3.4
Armour         | 1 2 3 |  3.4
Shields        | 1 2 3 |  3.4
Unarmed Combat | 1 2 3 |  3.4
Evocations     | 1 2 3 |  3.4
Hexes          | 1 2 |  2.8
Summonings     | 1 2 |  2.8
Necromancy     | 1 2 |  2.8
Translocations | 1 2 |  2.8
Transmutations | 1 2 |  2.8
Fire Magic     | 1 2 |  2.8
Ice Magic      | 1 2 |  2.8
Air Magic      | 1 2 |  2.8
Earth Magic    | 1 2 |  2.8
Poison Magic   | 1 2 |  2.8
Dodging        | 5 |  5.8
Stealth        | 5 |  5.4
Conjurations   | |  7.7

Action                   |  1- 3 |  4- 6 |  7- 9 || total
-------------------------+-------+-------+-------++-------
Melee: Short sword       |       |    31 |       ||    31
       Quarterstaff      |       |     6 |       ||     6
       Bite              |       |     4 |    11 ||    15
       Trident           |       |       |    33 ||    33
       Mace              |       |       |    14 ||    14
       Punch             |       |       |     2 ||     2
       Rapier            |       |       |    34 ||    34
 Cast: Magic Dart        |    63 |    96 |    74 ||   233
       Searing Ray       |     1 |    11 |    16 ||    28
       Iskenderun's Myst |       |       |     1 ||     1
  Use: Scroll            |       |     8 |     1 ||     9
 Stab: Sleeping          |       |       |     1 ||     1
Armor: Robe              |       |     3 |    15 ||    18
       Leather armour    |       |       |    15 ||    15
Dodge: Dodged            |     2 |    12 |    62 ||    76

Levels and vault maps discovered:
D:1:      lordsloth_arrival_two_stooges, layout_loops_ring, st_stairs_5,
          skrybe_limestone_x
D:2:      layout_rooms
D:3:      layout_basic, kennysheep_ying_yang, nicolae_overflow_crystal_walls,
          vehumet_crystals, lemuel_coloured_pillars_altar, uniq_terence,
          uniq_sigmund, uniq_crazy_yiuf_cottage
D:4:      layout_basic, minmay_temple_entry_butterflies, st_stairs_14,
          minmay_misc_feat_pillars
D:5:      layout_basic, enter_ossuary_1, minmay_misc_feat_columns, minivault_5,
          minmay_fractal_squares_gapless_5
D:6:      minmay_chambers_of_fours, layout_basic,
          nicolae_overflow_hidden_temple, lemuel_round_altar, serial_shops, shop

Notes
Turn   | Place    | Note
-------+----------+-------------------------------------------
     0 | D:1      | phalm the Gnoll Conjurer began the quest for the Orb.
     0 | D:1      | Reached XP level 1. HP: 13/13 MP: 6/6
     0 | D:1      | magus.rc [v1.9.10]
   347 | D:1      | Reached XP level 2. HP: 19/19 MP: 4/7
   350 | D:1      | Learned a level 2 spell: Searing Ray
   663 | D:1      | Reached XP level 3. HP: 25/25 MP: 5/9
   773 | D:1      | Reached skill level 5 in Spellcasting
  1082 | D:2      | Reached skill level 1 in Invocations
  1260 | D:2      | Reached skill level 1 in Fighting
  1260 | D:2      | Reached skill level 1 in Short Blades
  1260 | D:2      | Reached skill level 1 in Long Blades
  1260 | D:2      | Reached skill level 1 in Axes
  1260 | D:2      | Reached skill level 1 in Maces & Flails
  1260 | D:2      | Reached skill level 1 in Polearms
  1260 | D:2      | Reached skill level 1 in Staves
  1260 | D:2      | Reached skill level 1 in Slings
  1260 | D:2      | Reached skill level 1 in Bows
  1260 | D:2      | Reached skill level 1 in Crossbows
  1260 | D:2      | Reached skill level 1 in Throwing
  1260 | D:2      | Reached skill level 1 in Armour
  1260 | D:2      | Reached skill level 1 in Shields
  1260 | D:2      | Reached skill level 1 in Unarmed Combat
  1260 | D:2      | Reached skill level 1 in Evocations
  1260 | D:2      | Reached XP level 4. HP: 32/32 MP: 4/11
  2013 | D:3      | Found a stormy altar of Qazlal.
  2022 | D:3      | Noticed Sigmund
  2031 | D:3      | Killed Sigmund
  2032 | D:3      | Reached skill level 1 in Hexes
  2032 | D:3      | Reached skill level 1 in Summonings
  2032 | D:3      | Reached skill level 1 in Necromancy
  2032 | D:3      | Reached skill level 1 in Translocations
  2032 | D:3      | Reached skill level 1 in Transmutations
  2032 | D:3      | Reached skill level 1 in Fire Magic
  2032 | D:3      | Reached skill level 1 in Ice Magic
  2032 | D:3      | Reached skill level 1 in Air Magic
  2032 | D:3      | Reached skill level 1 in Earth Magic
  2032 | D:3      | Reached skill level 1 in Poison Magic
  2032 | D:3      | Reached skill level 2 in Invocations
  2032 | D:3      | Reached XP level 5. HP: 23/38 MP: 2/12
  2032 | D:3      | Reached XP level 6. HP: 27/44 MP: 2/13
  2381 | D:3      | Found an opulent altar of Gozag.
  2434 | D:3      | Found a basalt altar of Yredelemnul.
  2665 | D:3      | Reached skill level 5 in Dodging
  2672 | D:3      | Reached skill level 2 in Fighting
  2672 | D:3      | Reached skill level 2 in Short Blades
  2672 | D:3      | Reached skill level 2 in Long Blades
  2672 | D:3      | Reached skill level 2 in Axes
  2672 | D:3      | Reached skill level 2 in Maces & Flails
  2672 | D:3      | Reached skill level 2 in Polearms
  2672 | D:3      | Reached skill level 2 in Staves
  2672 | D:3      | Reached skill level 2 in Slings
  2672 | D:3      | Reached skill level 2 in Bows
  2672 | D:3      | Reached skill level 2 in Crossbows
  2672 | D:3      | Reached skill level 2 in Throwing
  2672 | D:3      | Reached skill level 2 in Armour
  2672 | D:3      | Reached skill level 2 in Shields
  2672 | D:3      | Reached skill level 2 in Unarmed Combat
  2672 | D:3      | Reached skill level 2 in Evocations
  2802 | D:3      | Found a radiant altar of Vehumet.
  2834 | D:3      | Became a worshipper of Vehumet
  2919 | D:3      | Found a white marble altar of Elyvilon.
  2993 | D:3      | Noticed Terence
  3000 | D:3      | Killed Terence
  3223 | D:3      | Found a runed translucent door.
  3224 | D:3      | Noticed Crazy Yiuf
  3230 | D:3      | Killed Crazy Yiuf
  3326 | D:4      | Found a staircase to the Ecumenical Temple.
  3659 | D:4      | Got a fading mace
  3660 | D:4      | Identified the +6 mace of Eternal Harmony {freeze, rPois
                  | Will- Str+6 Int-3} (You found it on level 4 of the Dungeon)
  4172 | D:5      | Entered Level 5 of the Dungeon
  4175 | D:5      | You pick up a book of Geomancy and begin reading...
  4175 | D:5      | You add the spells Sandblast, Passwall, Stone Arrow,
                  | Petrify and Lee's Rapid Deconstruction to your library.
  4197 | D:5      | Noticed a phantom
  4221 | D:5      | Reached XP level 7. HP: 26/50 MP: 10/15
  4321 | D:5      | Found a sand-covered staircase.
  4372 | Ossuary  | Entered an ossuary
  4402 | Ossuary  | Reached skill level 2 in Hexes
  4402 | Ossuary  | Reached skill level 2 in Summonings
  4402 | Ossuary  | Reached skill level 2 in Necromancy
  4402 | Ossuary  | Reached skill level 2 in Translocations
  4402 | Ossuary  | Reached skill level 2 in Transmutations
  4402 | Ossuary  | Reached skill level 2 in Fire Magic
  4402 | Ossuary  | Reached skill level 2 in Ice Magic
  4402 | Ossuary  | Reached skill level 2 in Air Magic
  4402 | Ossuary  | Reached skill level 2 in Earth Magic
  4402 | Ossuary  | Reached skill level 2 in Poison Magic
  4690 | Ossuary  | Learned a level 4 spell: Fulminant Prism
  4695 | Ossuary  | Learned a level 4 spell: Iskenderun's Mystic Blast
  4705 | Ossuary  | Reached * piety under Vehumet
  4705 | Ossuary  | Offered knowledge of Shock by Vehumet.
  4747 | Ossuary  | Reached skill level 5 in Stealth
  4825 | Ossuary  | Reached skill level 3 in Invocations
  5339 | D:5      | Reached XP level 8. HP: 57/57 MP: 9/16
  5475 | D:5      | Reached skill level 3 in Fighting
  5475 | D:5      | Reached skill level 3 in Short Blades
  5475 | D:5      | Reached skill level 3 in Long Blades
  5475 | D:5      | Reached skill level 3 in Axes
  5475 | D:5      | Reached skill level 3 in Maces & Flails
  5475 | D:5      | Reached skill level 3 in Polearms
  5475 | D:5      | Reached skill level 3 in Staves
  5475 | D:5      | Reached skill level 3 in Slings
  5475 | D:5      | Reached skill level 3 in Bows
  5475 | D:5      | Reached skill level 3 in Crossbows
  5475 | D:5      | Reached skill level 3 in Throwing
  5475 | D:5      | Reached skill level 3 in Armour
  5475 | D:5      | Reached skill level 3 in Shields
  5475 | D:5      | Reached skill level 3 in Unarmed Combat
  5475 | D:5      | Reached skill level 3 in Evocations
  6078 | D:5      | Reached skill level 6 in Spellcasting
  6551 | D:6      | Found Deolixt's Antique Armour Emporium.
  6595 | D:6      | HP: 14/58 [orc warrior/+0 flail (4)]
  6606 | D:6      | Found a bloodstained altar of Trog.
  6632 | D:6      | HP: 9/58 [orc priest/divine providence (12)]
  6665 | D:6      | HP: 9/58 [orc warrior/+0 flail (6)]
  6678 | D:5      | HP: 4/58 [orc warrior/+0 flail (8)]
  6680 | D:5      | Slain by an orc warrior

Vanquished Creatures
  Sigmund (D:3)
  A sky beast (D:6)
  An ice beast (D:5)
  A phantom (D:5)
  2 scorpions (D:5)
  6 centaur zombies (Ossuary)
  A bullfrog zombie (D:6)
  A hound (D:6)
  A jelly (D:5)
  3 orc priests
  3 orc wizards
  Crazy Yiuf (D:3)
  Terence (D:3)
  A worker ant (D:4)
  A big kobold zombie (Ossuary)
  A hound zombie (D:5)
  6 mummies (Ossuary)
  5 adders
  A gnoll (D:1)
  A howler monkey skeleton (D:5)
  3 worms
  A dart slug (D:2)
  6 leopard geckos
  17 orcs
  6 giant cockroaches
  2 goblins
  10 hobgoblins
  4 jackals
  4 quokkas
  2 ball pythons (D:4)
  A ball python skeleton (D:4)
  7 bats
  4 frilled lizards
  3 hobgoblin zombies (Ossuary)
  A jackal zombie (D:5)
  9 kobolds
  4 rats
123 creatures vanquished.

Vanquished Creatures (others)
  2 fungi (D:3)
2 creatures vanquished.

Grand Total: 125 creatures vanquished

Table legend:
 A = Non-vault XP
 B = Vault XP
 C = Vault XP percentage of total XP
 D = Non-vault monster count
 E = Vault monster count
 F = Vault count percentage of total count
                 A         B        C        D         E       F
            +---------+---------+-------+---------+---------+-------
      Total |    1101 |     820 |  42.7 |      98 |      25 |  20.3
            +---------+---------+-------+---------+---------+-------
        D:1 |      49 |       3 |   5.8 |      21 |       2 |   8.7
        D:2 |      50 |       0 |   0.0 |      19 |       0 |   0.0
        D:3 |     146 |     285 |  66.1 |      19 |       3 |  13.6
        D:4 |      69 |       5 |   6.8 |      13 |       2 |  13.3
        D:5 |     475 |     113 |  19.2 |      17 |       2 |  10.5
        D:6 |     312 |       0 |   0.0 |       9 |       0 |   0.0
    Ossuary |       0 |     414 | 100.0 |       0 |      16 | 100.0
            +---------+---------+-------+---------+---------+-------

Illustrated notes

Table legend:
 A = Kills in this place as a percentage of kills in entire the game.
 B = Kills by you in this place as a percentage of kills by you in the entire game.
 C = Kills by friends in this place as a percentage of kills by friends in the entire game.
 D = Other kills in this place as a percentage of other kills in the entire game.
 E = Experience gained in this place as a percentage of experience gained in the entire game.
 F = Experience gained in this place divided by the number of levels of this place that you have seen.
                   A       B       C       D       E      F
               +-------+-------+-------+-------+-------+----------------------
         Total | 100.0 | 100.0 |   N/A |   N/A | 100.0 | 274.4
       Dungeon |  87.0 |  87.0 |   N/A |   N/A |  78.4 | 251.2
       Ossuary |  13.0 |  13.0 |   N/A |   N/A |  21.6 | 414.0
               +-------+-------+-------+-------+-------+----------------------

Table legend: (Time is in decaauts)
 A = Elapsed time spent in this place.
 B = Non-inter-level travel time spent in this place.
 C = Inter-level travel time spent in this place.
 D = Time resting spent in this place.
 E = Time spent auto-exploring this place.
 F = Levels seen in this place.
 G = Mean time per level.
                   A        B        C        D        E       F      G
               +--------+--------+--------+--------+--------+-----+--------+
         Total |   6672 |   6465 |    207 |     52 |   5505 |   7 |  953.1 |
       Dungeon |   6083 |   5876 |    207 |     52 |   5046 |   6 | 1013.8 |
       Ossuary |    589 |    589 |      0 |      0 |    459 |   1 |  589.0 |
               +--------+--------+--------+--------+--------+-----+--------+

Top non-repeatable levels by time:
     D:5: 1617 daAuts
     D:3: 1393 daAuts
     D:1: 1079 daAuts
     D:4: 891 daAuts
     D:2: 804 daAuts
 Ossuary: 589 daAuts
     D:6: 297 daAuts
